 Dungeon Crawl Stone Soup version 0.19.5 (webtiles) character file.

774 Monsterracer the Cudgeler (level 7, -2/71 HPs)
             Began as an Ogre Hunter on May 6, 2017.
             Succumbed to a gnoll sergeant's poison
             ... on level 2 of the Dungeon.
             The game lasted 00:24:14 (7458 turns).

Monsterracer the Cudgeler (Ogre Hunter)             Turns: 7458, Time: 00:24:15

Health: -2/71      AC:  5    Str: 20    XL:     7   Next: 84%
Magic:  4/7        EV: 10    Int: 10    God:
Gold:   108        SH:  0    Dex: 10    Spells: 0 memorised, 6 levels left

rFire  . . .     SeeInvis .     b - +0 flail
rCold  . . .     Gourm    .     v - +2 animal skin
rNeg   . . .     Faith    .     (no shield)
rPois  .         Spirit   +     (helmet restricted)
rElec  .         Reflect  .     (no cloak)
rCorr  +         Harm     .     (gloves unavailable)
MR     .....                    (boots unavailable)
Stlth  +.........               d - amulet of guardian spirit
                                (no ring)
                                i - ring of resist corrosion

@: lethally poisoned (-2 -> -38)
A: unfitting armour, tough skin 1
a: no special abilities


You were on level 2 of the Dungeon.
You were hungry.

You visited 1 branch of the dungeon, and saw 3 of its levels.

You collected 108 gold pieces.

Inventory:

Hand Weapons
 b - a +0 flail (weapon)
Missiles
 c - 5 large rocks
 o - 47 stones (quivered)
Armour
 v - a +2 animal skin (worn)
Jewellery
 d - an amulet of guardian spirit (around neck)
 i - a ring of resist corrosion (left hand)
Wands
 u - a wand of flame (36/48)
Scrolls
 h - 2 scrolls of remove curse
 k - 4 scrolls of identify
 l - 3 scrolls of recharging
 r - a scroll of blinking
Comestibles
 f - 5 bread rations
 g - a slice of pizza
 j - 4 fruits
 p - 3 meat rations


   Skills:
 + Level 4.8 Fighting
 * Level 7.8 Maces & Flails
 * Level 5.6 Throwing
 + Level 2.6 Dodging
 - Level 0.6 Stealth
 - Level 1.0 Unarmed Combat


You had 6 spell levels left.
You didn't know any spells.

Dungeon Overview and Level Annotations

Branches:
Dungeon (3/15)

Altars:


Innate Abilities, Weirdness & Mutations

You are too large for most types of armour.
You have tough skin. (AC +1)


Message History

You are more poisoned.
The gnoll sergeant hits you with a spear of venom!
You are more poisoned.
You feel very sick.
The gnoll sergeant hits you from afar with a spear of venom.
* * * LOW HITPOINT WARNING * * *
You are more poisoned.
Things that are here:
a flail; a spear
* * * LOW HITPOINT WARNING * * *
You feel very sick.
* * * LOW HITPOINT WARNING * * *
You feel very sick.
* * * LOW HITPOINT WARNING * * *
You feel very sick.
* * * LOW HITPOINT WARNING * * *
You feel very sick.
* * * LOW HITPOINT WARNING * * *
You feel very sick.
You die...

#....# ######.##......#...#..#..
#....# #......##..)...#...#..[..
##.######..................#.#.#.
........#.....###......#...#.....
##.####.#...........)#.....#...#.
#.# #.#......#.......#<........
#.# #.#......#...#...#.....####
#.####.#)).....##.###)#.......#.
#.......>)..g..@................
###...##)......##.###.#.......#.
####.#.##.......##.#............#
.....#.##............#.....#.....
######.##########.#..#.........^.
#.........#............##...
####.#.##.#....##...........
#....[.#.#..........#.#..#.
#####..####.##................


You could see a gnoll sergeant.

Vanquished Creatures
  A hound (D:3)
  An orc priest (D:3)
  A jelly (D:2)
  A gnoll shaman (D:2)
  An orc wizard (D:3)
  Robin (D:2)
  37 gnolls
  10 adders
  3 worms
  6 dart slugs
  7 orcs
  5 giant cockroaches
  17 goblins
  7 hobgoblins
  18 jackals
  5 kobolds
  3 quokkas (D:2)
  A ball python (D:3)
  10 bats
  4 frilled lizards
  30 rats
  A plant (D:3)
170 creatures vanquished.

Vanquished Creatures (others)
  A goblin (D:3)
1 creature vanquished.

Grand Total: 171 creatures vanquished

Notes
Turn   | Place    | Note
-------+----------+-------------------------------------------
     0 | D:1      | Monsterracer the Ogre Hunter began the quest for the Orb.
     0 | D:1      | Reached XP level 1. HP: 22/22 MP: 1/1
   304 | D:1      | Reached XP level 2. HP: 29/31 MP: 2/2
   787 | D:1      | Reached skill level 1 in Maces & Flails
   793 | D:1      | Reached XP level 3. HP: 29/37 MP: 3/3
  1143 | D:1      | Reached skill level 2 in Maces & Flails
  1727 | D:2      | Reached skill level 3 in Maces & Flails
  1924 | D:2      | Reached XP level 4. HP: 45/45 MP: 4/4
  2301 | D:2      | Reached skill level 4 in Maces & Flails
  2822 | D:3      | Reached skill level 5 in Maces & Flails
  2822 | D:3      | Reached XP level 5. HP: 51/53 MP: 5/5
  2832 | D:3      | Noticed Robin
  3098 | D:2      | Killed Robin
  3284 | D:3      | Reached skill level 6 in Maces & Flails
  3888 | D:3      | Reached XP level 6. HP: 59/61 MP: 4/6
  3942 | D:3      | Reached skill level 1 in Unarmed Combat
  5021 | D:2      | Reached skill level 7 in Maces & Flails
  5198 | D:2      | Reached XP level 7. HP: 38/70 MP: 5/7
  5850 | D:3      | Reached skill level 5 in Throwing
  7457 | D:2      | HP: 2/71 [poisoned by a gnoll sergeant]
  7458 | D:2      | Succumbed to a gnoll sergeant's poison

Skill      XL: |  1  2  3  4  5  6  7 |
---------------+----------------------+-----
Fighting       | 3 4 |  4.8
Dodging        | 2 |  2.6
Maces & Flails | 1 3 5 6 7 |  7.8
Unarmed Combat | 1 |  1.0
Throwing       | 5 |  5.6
Stealth        | |  0.6

Action                   |  1- 3 |  4- 6 |  7- 9 || total
-------------------------+-------+-------+-------++-------
Melee: Unarmed           |    47 |       |       ||    47
       Club              |    28 |       |       ||    28
       Mace              |    54 |   263 |       ||   317
       Flail             |       |    12 |   142 ||   154
       Punch             |       |     2 |       ||     2
Throw: Large rock        |     9 |    17 |     3 ||    29
       Throwing net      |     2 |     2 |       ||     4
       Stone             |    23 |   143 |   108 ||   274
  Use: Potion            |     1 |     4 |       ||     5
       Scroll            |     1 |     9 |       ||    10
 Stab: Sleeping          |     1 |       |       ||     1
  Eat: Chunk             |     3 |    11 |     7 ||    21
Armor: Robe              |   101 |    40 |       ||   141
       Animal skin       |       |    70 |    28 ||    98
Dodge: Dodged            |   115 |   163 |    80 ||   358
